 Dungeon Sprint DCSS version 0.30-a0-269-gf0224bf7b6 (webtiles) character file.

Game seed: 6620660836772481126

0 Hubris850 the Firebug (level 1, -6/10 HPs)
             Began as a Tengu Fire Elementalist on Oct 14, 2022.
             Mangled by a redback (16 damage)
             ... in the Dungeon (Sprint VI: "Thunderdome").
             The game lasted 00:01:16 (29 turns).

Hubris850 the Firebug (Tengu Fire Elementalist)       Turns: 29, Time: 00:01:17

Health: -6/10      AC:  2    Str: 13    XL:     1   Next: 0%
Magic:  1/4        EV: 16    Int: 19    God:
Gold:   65         SH:  0    Dex: 14    Spells: 3/4 levels left

rFire   + . .      SeeInvis .    (no weapon)
rCold   + . .      Faith    .    (no shield)
rNeg    + . .      Spirit   .    a - +0 robe
rPois   +          Reflect  .    (helmet restricted)
rElec   .          Harm     .    (no cloak)
rCorr   .          Rampage  .    (no gloves)
Will    .....      NoTele   +    (boots unavailable)
Stlth   ++........               n - amulet "Fuapink" {Regen+ Int+4}
HPRegen 1.01/turn                l - ring of the Saviour {rF+ rN+}
MPRegen 0.09/turn                m - ring of Lady Luck {rPois rC+ EV+4 Str+5}

@: no status effects
A: beak, talons 3
a: no special abilities


You were in the Dungeon.
You visited 1 branch You collected 200 gold pieces.
You spent 135 gold pieces at shops.

Inventory:

Armour
 a - a +0 robe (worn)
Jewellery
 l - the ring of the Saviour (left hand) {rF+ rN+}
   (You bought it in a shop in the Dungeon)

   [ring of positive energy]

   rF:        It protects you from fire.
   rN:        It protects you from negative energy.
 m - the ring of Lady Luck (right hand) {rPois rC+ EV+4 Str+5}
   (You bought it in a shop in the Dungeon)

   [ring of evasion]

   EV:        It affects your evasion (+4).
   Str:       It affects your strength (+5).
   rC:        It protects you from cold.
   rPois:     It protects you from poison.
 n - the amulet "Fuapink" (around neck) {Regen+ Int+4}
   (You bought it in a shop in the Dungeon)

   [amulet of regeneration]

   Int:       It affects your intelligence (+4).
   Regen:     It increases your rate of health regeneration.
Wands
 h - a wand of quicksilver (4)
 i - a wand of roots (5)
Scrolls
 g - 4 scrolls of blinking
 j - 3 scrolls of butterflies
Potions
 b - 3 potions of magic
 c - a potion of curing
 d - 4 potions of heal wounds
 e - 4 potions of haste
 f - a potion of berserk rage
 k - a potion of resistance


   Skills:
 + Level 2.1 Dodging
 + Level 2.0 Stealth
 + Level 2.0 Spellcasting
 + Level 1.3 Conjurations
 + Level 3.2 Fire Magic


You had 3 spell levels left.
You knew the following spells:

 Your Spells              Type           Power      Damage    Failure   Level
a - Foxfire               Conj/Fire      40%        2x1d6     7%          1

Your spell library contained the following spells:

 Spells                   Type           Power      Damage    Failure   Level
 Scorch                   Fire           28%        2d6       7%          2
 Inner Flame              Hex/Fire       8%         N/A       26%         3
 Kindle Blastsparks       Fire/Tloc/Air  12%        2d11      32%         3
 Flame Wave               Conj/Fire      10%        2d6       54%         4


Dungeon Overview and Level Annotations

Branches:
Dungeon (1/1)

Altars:
Kikubaaqudgha
Okawaru
Qazlal
Ru
Wu Jian
Yredelemnul
The Shining One
Lugonu

Shops:
D *[?


Innate Abilities, Weirdness & Mutations

You have a beak for a mouth.
You have claws for feet.


Message History

Thank you for shopping at Fecium's Jewellery!
There are no items here.
l - the ring of the Saviour (left hand) {rF+ rN+} You feel stronger.
m - the ring of Lady Luck (right hand) {rPois rC+ EV+4 Str+5} You start putting on your amulet.
You continue putting on the amulet "Fuapink" {Regen+ Int+4}. x5
You finish putting on the amulet "Fuapink" {Regen+ Int+4}.
The amulet "Fuapink" throbs as it attunes itself to your uninjured body.
You feel clever.
n - the amulet "Fuapink" (around neck) {Regen+ Int+4} A redback comes into view.
There is an entrance to Niesug's Advanced Armour here.
Unknown command.
Casting: Foxfire (safe; 7% risk of failure)
Confirm with . or Enter, or press ? or * to list all spells.
You conjure some foxfire!
Casting: Foxfire (safe; 7% risk of failure)
Confirm with . or Enter, or press ? or * to list all spells.
You conjure some foxfire!
The foxfire hits the redback.
The redback is lightly wounded.
The foxfire hits the redback.
The redback is moderately wounded.
Casting: Foxfire (safe; 7% risk of failure)
Confirm with . or Enter, or press ? or * to list all spells.
You conjure some foxfire!
The foxfire hits the redback.
The redback is moderately wounded.
The foxfire hits the redback.
The redback is heavily wounded.
Aiming: Quicksilver Bolt
Press: ? - help, Shift-Dir - straight line, f - redback
Aim: a redback (heavily wounded, ally target, 64% to hit)
The bolt of dispelling energy misses the redback.
The foxfire hits the redback.
The redback is severely wounded.
The foxfire hits the redback.
The redback is severely wounded.
The redback bites you!
Ouch! That really hurt!
You die...

######.8..... ..
##.___......# ..
###∩........8.# .8.
##.............###..
#⌠..........###...#
#⌠..........# #.<.#
#⌠..§§......###...#
##.§...........###...
###@s.......8.# .8.
##§_._......# ..
######.8..... ..
#⌠....... .
###.........
#_....... #_.......


You could see a redback.

Vanquished Creatures (others)
  6 foxfires (D)
6 creatures vanquished.

Notes
Turn   | Place    | Note
-------+----------+-------------------------------------------
     0 | D        | Hubris850 the Tengu Fire Elementalist began the quest for
                  | the Orb.
     0 | D        | Reached XP level 1. HP: 10/10 MP: 4/4
     1 | D        | Found a corrupted altar of Lugonu.
     1 | D        | Found a basalt altar of Yredelemnul.
     2 | D        | Found an ornate altar of the Wu Jian Council.
     3 | D        | Found an iron altar of Okawaru.
     3 | D        | Found a stormy altar of Qazlal.
     4 | D        | Found Jehat's Identification Station.
     4 | D        | Found a sacrificial altar of Ru.
     4 | D        | Found an ancient bone altar of Kikubaaqudgha.
     5 | D        | Found Niesug's Advanced Armour.
     5 | D        | Found Fecium's Jewellery.
     5 | D        | Round 1.
     7 | D        | Found a glowing golden altar of the Shining One.
    13 | D        | Bought a faintly glowing bronze ring for 45 gold pieces
    13 | D        | Identified the ring of the Saviour {rF+ rN+} (You bought it
                  | in a shop in the Dungeon)
    13 | D        | Bought a coiled pewter ring for 45 gold pieces
    13 | D        | Identified the ring of Lady Luck {rPois rC+ EV+4 Str+5}
                  | (You bought it in a shop in the Dungeon)
    13 | D        | Bought a clouded brass amulet for 45 gold pieces
    13 | D        | Identified the amulet "Fuapink" {Regen+ Int+4} (You bought
                  | it in a shop in the Dungeon)
    24 | D        | Noticed a redback
    29 | D        | Mangled by a redback

Illustrated notes

Levels and vault maps discovered:
D:        arena_sprint

Action                   || total
-------------------------++-------
 Cast: Foxfire           ||     3
Evoke: Wand              ||     1

Table legend: (Time is in decaauts)
 A = Elapsed time spent in this place.
 B = Non-inter-level travel time spent in this place.
 C = Inter-level travel time spent in this place.
 D = Time resting spent in this place.
 E = Time spent auto-exploring this place.
 F = Levels seen in this place.
 G = Mean time per level.
                   A        B        C        D        E       F      G
               +--------+--------+--------+--------+--------+-----+--------+
         Total |     28 |     28 |      0 |      0 |      0 |   1 |   28.0 |
       Dungeon |     28 |     28 |      0 |      0 |      0 |   1 |   28.0 |
               +--------+--------+--------+--------+--------+-----+--------+

Top non-repeatable levels by time:
       D: 28 daAuts
